 Dungeon Crawl Stone Soup version 0.28-a0-390-gb254ac4902 (webtiles) character file.

Game seed: 2583238679008261007

395 marklar909 the Skirmisher (level 6, -2/52 HPs)
             Began as a Palentonga Abyssal Knight on Aug 27, 2021.
             Was a Believer of Lugonu.
             Killed from afar by an orc wizard (10 damage)
             ... with a puff of flame
             ... on level 4 of the Dungeon on Sept 4, 2021.
             The game lasted 00:18:00 (5937 turns).

marklar909 the Skirmisher (PaAK)                    Turns: 5937, Time: 00:18:00

Health: -2/52      AC:  6    Str: 22    XL:     6   Next: 52%
Magic:  6/8        EV:  8    Int: 13    God:    Lugonu [**....]
Gold:   196        SH:  0    Dex: 10    Spells: 1/7 levels left

rFire   . . .      SeeInvis +   a - +2 mace
rCold   . . .      Faith    .   (no shield)
rNeg    . . .      Spirit   .   h - +0 ring mail
rPois   .          Reflect  .   (no helmet)
rElec   .          Harm     .   (no cloak)
rCorr   .          Rampage  .   (no gloves)
Will    .....                   (no barding)
Stlth   +.........              (no amulet)
HPRegen 0.17/turn               b - +6 ring of strength
MPRegen 0.11/turn               e - ring of wizardry

@: no status effects
A: large, rugged brown scales 3, see invisible, deformed body, roll 1, armoured
tail
a: Rolling Charge, Renounce Religion, Depart the Abyss, Bend Space


You were on level 4 of the Dungeon.
You worshipped Lugonu.
Lugonu was pleased with you.
You visited 1 branch of the dungeon, and saw 4 of its levels.
You visited the Abyss 1 time.

You collected 196 gold pieces.

Inventory:

Hand Weapons
 a - a +2 mace (weapon)
Missiles
 d - 20 poisoned darts
Armour
 h - a +0 ring mail (worn)
Jewellery
 b - a +6 ring of strength (left hand)
 e - a ring of wizardry (right hand)
 i - a ring of fire
 q - a ring of fire
Scrolls
 j - a scroll of fog {unknown}
 l - a scroll of noise {unknown}
 m - a scroll of identify
 n - 3 scrolls of brand weapon {unknown}
 o - a scroll of enchant armour {unknown}
Potions
 c - 2 potions of attraction {unknown}
 f - 4 potions of heal wounds
 g - 2 potions of curing {unknown}
 k - a potion of lignification {unknown}
 p - a potion of might {unknown}


   Skills:
 * Level 4.5 Fighting
 + Level 3.5 Maces & Flails
 + Level 0.1 Throwing
 + Level 2.8 Armour
 + Level 1.2 Dodging
 + Level 0.3 Stealth
 + Level 1.2 Spellcasting
 + Level 1.4 Hexes
 * Level 3.2 Invocations


You had one spell level left.
You knew the following spells:

 Your Spells              Type           Power      Damage    Failure   Level
a - Corona                Hex            4%         N/A       10%         1
b - Ensorcelled Hibernat  Hex/Ice        4%         N/A       19%         2
c - Tukima's Dance        Hex            4%         N/A       28%         3

Your spell library contained the following spells:

 Spells                   Type           Power      Damage    Failure   Level


Dungeon Overview and Level Annotations

Branches:
Dungeon (4/15)
 Temple: D:4-7

Altars:


Innate Abilities, Weirdness & Mutations

You are completely covered in rugged brown scales. (AC +3, +7% HP)
You have supernaturally acute eyesight. (SInv)
Armour fits poorly on your strangely shaped body.
You can roll at nearby foes to attack.
You have a long armoured tail.


Message History

Casting: Corona (safe; 10% risk of failure)
Confirm with . or Enter, or press ? or * to list all spells.
Aiming: Corona (safe; 10% risk of failure)
Press: ? - help, Shift-Dir - straight line, f/p - orc wizard
Aim: an orc wizard, wielding a +0 dagger and wearing a +0 robe (slightly transparent, chance to affect: 37%)
The orc wizard resists with significant effort.
The orc wizard casts a spell at you.
You are confused.
You're too confused to cast spells.
Unknown command.
You bump into the rock wall.
The endoplasm freezes you.
You are frozen.
You hit the endoplasm.
The endoplasm is heavily wounded.
The endoplasm hits you but does no damage.
You're too confused to move!
The endoplasm barely misses you.
You're too confused to move!
The orc wizard casts a spell at you. The magic dart hits you.
* * * LOW HITPOINT WARNING * * *
The endoplasm hits you.
* * * LOW HITPOINT WARNING * * *
You sock the endoplasm!
You kill the endoplasm!
Lugonu accepts your kill.
You feel less confused.
The orc wizard hits you but does no damage.
The orc wizard points at you and mumbles some strange words.
The magic dart hits you.
* * * LOW HITPOINT WARNING * * *
Casting: Corona (safe; 10% risk of failure)
Confirm with . or Enter, or press ? or * to list all spells.
Aiming: Corona (safe; 10% risk of failure)
Press: ? - help, Shift-Dir - straight line, f/p - orc wizard
Aim: an orc wizard, wielding a +0 dagger and wearing a +0 robe (slightly transparent, chance to affect: 37%)
Okay, then.
The orc wizard points at you and mumbles some strange words.
The puff of flame hits you!
You die...

##.# #.# #'# #.# #.#
#.# #.# #.# ##.## #.#
##...#########.#
#.....#......))#
####.####...#@.o#######
.......)......#.#
####.#####.##...#
#.###### #.# #.# #.#
#.# #.#


You could see an orc wizard (invisible).

Vanquished Creatures
  A kobold brigand (D:4)
  A scorpion (D:3)
  An orc priest (D:4)
  2 hounds (D:4)
  An orc wizard (D:3)
  3 gnolls
  4 adders
  3 worms
  2 dart slugs (D:1)
  7 orcs
  9 endoplasms
  2 giant cockroaches
  5 goblins
  7 hobgoblins
  7 kobolds
  2 quokkas
  6 ball pythons
  5 bats
  4 frilled lizards (D:1)
  7 rats
79 creatures vanquished.

Vanquished Creatures (others)
  23 plants (D:4)
23 creatures vanquished.

Grand Total: 102 creatures vanquished

Notes
Turn   | Place    | Note
-------+----------+-------------------------------------------
     0 | Abyss:1  | marklar909 the Palentonga Abyssal Knight began the quest
                  | for the Orb.
     0 | Abyss:1  | Reached XP level 1. HP: 19/19 MP: 2/2
    19 | Abyss:1  | Upgraded the game from 0.28-a0-265-g048bc9fd10 to
                  | 0.28-a0-390-gb254ac4902
   123 | Abyss:2  | Noticed a small abomination
   126 | Abyss:2  | Noticed a raiju
   129 | Abyss:2  | Found a corrupted altar of Lugonu.
   133 | D:1      | Escaped the Abyss
   265 | D:1      | Reached XP level 2. HP: 10/25 MP: 3/3
   524 | D:1      | Learned a level 1 spell: Corona
   735 | D:1      | Reached ** piety under Lugonu
   975 | D:1      | Reached XP level 3. HP: 29/31 MP: 4/4
  1809 | D:2      | Reached skill level 1 in Dodging
  2544 | D:1      | Reached XP level 4. HP: 18/39 MP: 3/5
  2865 | D:2      | Found a faded altar of an unknown god.
  4013 | D:3      | Reached skill level 4 in Fighting
  4071 | D:3      | Noticed a scorpion
  4110 | D:3      | Killed a scorpion
  4111 | D:3      | Reached skill level 1 in Hexes
  4111 | D:3      | Reached XP level 5. HP: 9/44 MP: 2/7
  5582 | D:4      | Reached skill level 1 in Spellcasting
  5582 | D:4      | Reached XP level 6. HP: 36/52 MP: 8/8
  5589 | D:4      | Learned a level 2 spell: Ensorcelled Hibernation
  5593 | D:4      | Learned a level 3 spell: Tukima's Dance
  5937 | D:4      | Killed from afar by an orc wizard

Illustrated notes

Levels and vault maps discovered:
D:1:      nicolae_arrival_washed_ashore, layout_basic,
          minmay_misc_feat_nine_boxes
D:2:      layout_basic, ebering_ecumenical_altar_hall
D:3:      layout_loops_corners, nrook_loot_triangle, kennysheep_generic_room_11
D:4:      layout_loops_corners, kennysheep_little_box, serial_bayou,
          serial_bayou_pond_a, serial_bayou_ford_a, serial_bayou_pond_a,
          serial_bayou_pond_c, gup_sewer_entry_spiral

Skill      XL: |  1  2  3  4  5 |
---------------+----------------+-----
Dodging        | 1 |  1.2
Armour         | 2 |  2.8
Fighting       | 4 |  4.5
Maces & Flails | 3 |  3.5
Hexes          | 1 |  1.4
Spellcasting   | 1 |  1.2
Invocations    | 3 |  3.2
Throwing       | |  0.1
Stealth        | |  0.3

Action                   |  1- 3 |  4- 6 || total
-------------------------+-------+-------++-------
Melee: Mace              |   113 |   115 ||   228
       Tailslap          |    13 |    13 ||    26
Throw: Dart              |     3 |     9 ||    12
 Cast: Corona            |     5 |    25 ||    30
Invok: Bend Space        |     2 |     6 ||     8
 Abil: Rolling Charge    |     2 |     1 ||     3
  Use: Scroll            |     2 |     1 ||     3
       Potion            |       |     1 ||     1
Armor: Leather armour    |    29 |       ||    29
       Ring mail         |    27 |    55 ||    82
Dodge: Dodged            |    65 |    56 ||   121

Table legend: (Time is in decaauts)
 A = Elapsed time spent in this place.
 B = Non-inter-level travel time spent in this place.
 C = Inter-level travel time spent in this place.
 D = Time resting spent in this place.
 E = Time spent auto-exploring this place.
 F = Levels seen in this place.
 G = Mean time per level.
                   A        B        C        D        E       F      G
               +--------+--------+--------+--------+--------+-----+--------+
         Total |   6000 |   5853 |    147 |   1506 |   3062 |   6 | 1000.0 |
       Dungeon |   5868 |   5721 |    147 |   1506 |   3062 |   4 | 1467.0 |
         Abyss |    132 |    132 |      0 |      0 |      0 |   2 |   66.0 |
               +--------+--------+--------+--------+--------+-----+--------+

Top non-repeatable levels by time:
     D:2: 1971 daAuts
     D:3: 1647 daAuts
     D:1: 1345 daAuts
     D:4: 904 daAuts
 Abyss:1: 89 daAuts
 Abyss:2: 43 daAuts
